AoeStats
← m.muratk

Golden Pit

503165697Analyzed
1v1 RM · 11d ago on Aug 30, 2026· 56m 19s· 2 players
Game mode
Random Map
Map size
Tiny (2 player)
Population
200
Speed
Normal
Resources
Standard
Victory
Conquest
Starting age
Dark Age
Ending age
Imperial Age
RankedLock teamsTeams togetherTeam positionsShared explorationLock speedFull tech treeHidden civsTurbo modeCheats
Victory
Defeat
🇫🇷 Franks · France
1146
+15
🇹🇷 Romans · Türkiye
1124
-15
m.muratk
8:10 Loom
11:00 Feudal Age
17:29 Castle Age
15:18 Double-Bit Axe
15:47 Horse Collar
17:54 Wheelbarrow
19:11 Squires
21:36 Fletching
22:04 Forging
25:12 Pikeman
26:23 Scale Mail Armor
27:45 Chain Mail Armor
28:09 Iron Casting
29:14 Gold Mining
29:15 Stone Mining
29:36 Fletching
36:13 Imperial Age
34:00 Hand Cart
34:55 Bodkin Arrow
35:41 Padded Archer Armor
37:14 Elite Skirmisher
38:13 Leather Archer Armor
38:04 Scale Barding Armor
41:13 Bow Saw
41:03 Capped Ram
45:11 Siege Ram
46:28 Heavy Plow
47:45 Gold Shaft Mining
48:00 Conscription
48:27 Ballistics
50:42 Chemistry
49:43 Siege Ram
54:28 Murder Holes
Fëanor
7:11 Loom
9:39 Feudal Age
11:10 Double-Bit Axe
20:35 Castle Age
19:34 Gold Mining
19:41 Fletching
20:11 Padded Archer Armor
21:00 Wheelbarrow
20:46 Town Watch
22:04 Scale Barding Armor
23:22 Bow Saw
23:52 Chain Barding Armor
25:35 Bodkin Arrow
26:23 Forging
26:03 Crossbowman
27:39 Husbandry
34:53 Ballistics
37:38 Imperial Age
37:00 Masonry
39:44 Plate Barding Armor
40:08 Architecture
41:26 Iron Casting
42:09 Hand Cart
43:44 Chemistry
43:36 Scale Mail Armor
45:21 Chain Mail Armor
46:15 Conscription
46:59 Bearded Axe
47:50 Blast Furnace
48:10 Plate Mail Armor
47:46 Cavalier
52:36 Hoardings
53:03 Elite Throwing Axeman
Connection lost

Rejoining the realm…

Still unreachable

The connection could not be restored.

Session expired

The server has moved on; the page needs a fresh start.